 Dungeon Crawl Stone Soup version 0.31-a0-765-g67fe2935dc (webtiles) character file.

Game seed: 1821971636115630136

597132 Joey1 the Conqueror (level 25, -23/257 HPs)
             Began as a Minotaur Fighter on Sept 15, 2023.
             Was a High Priest of Okawaru.
             Killed from afar by an orb of fire (65 damage)
             ... with a fireball
             ... on level 5 of the Realm of Zot.
             The game lasted 03:10:20 (50477 turns).

Joey1 the Conqueror (Minotaur Fighter)             Turns: 50477, Time: 03:10:20

Health: -23/257    AC: 46    Str: 35 (36) XL:     25   Next: 85%
Magic:  35/35      EV: 16    Int:  2 (5)  God:    Okawaru [*****.]
Gold:   3757       SH: 31    Dex:  9 (11) Spells: 24/24 levels left

rFire   . . .        Z - +9 broad axe (freeze)
rCold   . . .        c - +8 tower shield
rNeg    + + .        j - +13 plate armour of Lamot {Rampage Regen+}
rPois   +            g - +5 hat "Fozihaum" {rElec rPois Dex+4}
rElec   +            P - +2 cloak
rCorr   +            s - +2 pair of gloves {Str+3}
SInv    +            G - +2 pair of boots "Tifewett" {rN+}
Will    +++..        d - amulet "Kenli" {Acrobat Will+ rCorr Str+4 Dex-5} Stlth
                     D - ring of willpower
HPRegen 1.42/turn    y - ring "Biph" {rN+ SInv}
MPRegen 0.24/turn

%: acrobat, rampage
@: heroic, finesse-ful, studying Long Blades
A: horns 2, retaliatory headbutt, deformed body, mutation resistance 1, weak 1
}: 4/15 runes: decaying, slimy, silver, gossamer
a: Renounce Religion, Heroism, Finesse, Duel


You were on level 5 of the Realm of Zot.
You worshipped Okawaru.
Okawaru was extremely pleased with you.
You visited 10 branches of the dungeon, and saw 52 of its levels.
You also visited: Trove, Gauntlet and Wizlab.

You collected 8011 gold pieces.
You spent 4254 gold pieces at shops.

Inventory:

Hand Weapons
 t - the +4 consecrated labrys {holy, Valiant Fragile Fly SInv}
   (You found it on level 5 of the Pits of Slime)

   Valiant:   It becomes more powerful as more dangerous foes come into view.
   SInv:      It lets you see invisible.
   Fly:       It grants you flight.
   Fragile:   It will be destroyed if unequipped.
 A - a +4 flail of protection
 Z - a +9 broad axe of freezing (weapon)
Missiles
 C - 4 throwing nets
 Q - 27 javelins
 V - 10 silver javelins
Armour
 c - a +8 tower shield (worn)
 g - the +5 hat "Fozihaum" (worn) {rElec rPois Dex+4}
   (Okawaru gifted it to you on level 2 of the Elven Halls)

   Dex+4:     It affects your dexterity (+4).
   rElec:     It insulates you from electricity.
   rPois:     It protects you from poison
 j - the +13 plate armour of Lamot (worn) {Rampage Regen+}
   (Okawaru gifted it to you on level 3 of the Vaults)

   Regen+:    It increases your rate of health regeneration.
   Rampage:   It bestows one free step when moving towards enemies.
 s - a +2 pair of gloves of strength (worn)
 G - the +2 pair of boots "Tifewett" (worn) {rN+}
   (You bought it in a shop on level 6 of the Dungeon)

   rN+:       It protects you from negative energy.
 P - a +2 cloak (worn)
Jewellery
 d - the amulet "Kenli" (around neck) {Acrobat Will+ rCorr Str+4 Dex-5}
   (You found it in a treasure trove)

   [amulet of the acrobat]

   Acrobat:   It increases your evasion while moving and waiting.
   Str+4:     It affects your strength (+4).
   Dex-5:     It affects your dexterity (-5).
   Will+:     It increases your willpower.
   rCorr:     It protects you from acid and corrosion.
 k - the ring "Ponkot" {rC+ Str+3}
   (You found it in a treasure trove)

   [ring of protection from cold]

   Str+3:     It affects your strength (+3).
   rC+:       It protects you from cold.
 n - a +4 ring of slaying
 o - the amulet of Nimo {rF+ Regen+ Str+3}
   (You found it in a treasure trove)

   [amulet of regeneration]

   Str+3:     It affects your strength (+3).
   rF+:       It protects you from fire.
   Regen+:    It increases your rate of health regeneration.
 w - the amulet "Fyimp" {Faith rElec Str+7 Dex-2}
   (You bought it in a shop on level 6 of the Dungeon)

   [amulet of faith]

   Faith:     It allows you to gain divine favour quickly.
   Str+7:     It affects your strength (+7).
   Dex-2:     It affects your dexterity (-2).
   rElec:     It insulates you from electricity.
 y - the ring "Biph" (right hand) {rN+ SInv}
   (You found it on level 5 of the Pits of Slime)

   [ring of positive energy]

   rN+:       It protects you from negative energy.
   SInv:      It lets you see invisible.
 D - a ring of willpower (left hand)
 F - the ring of Qiunix {rN+ rCorr Stlth+}
   (You found it in a treasure trove)

   [ring of resist corrosion]

   rN+:       It protects you from negative energy.
   rCorr:     It protects you from acid and corrosion.
   Stlth+:    It makes you more stealthy.
 K - the ring "Meffe" {rElec rF+ rCorr}
   (You found it in a treasure trove)

   [ring of resist corrosion]

   rF+:       It protects you from fire.
   rElec:     It insulates you from electricity.
   rCorr:     It protects you from acid and corrosion.
 L - the ring "Qyrus" {Str+2 Int+6}
   (You found it on level 2 of the Depths)

   [ring of intelligence]

   Str+2:     It affects your strength (+2).
   Int+6:     It affects your intelligence (+6).
 O - the ring of Xyadau {rC+ Will+ Str-3 Dex+6}
   (You found it on level 5 of the Pits of Slime)

   [ring of dexterity]

   Str-3:     It affects your strength (-3).
   Dex+6:     It affects your dexterity (+6).
   rC+:       It protects you from cold.
   Will+:     It increases your willpower.
 W - a ring of protection from fire
Wands
 a - a wand of digging (11)
 b - a wand of light (27)
 q - a wand of paralysis (61)
 r - a wand of polymorph (17)
 M - a wand of flame (88)
 S - a wand of roots (33)
 T - a wand of mindburst (36)
Scrolls
 p - 7 scrolls of fog
 u - 10 scrolls of fear
 v - 22 scrolls of teleportation
 x - 9 scrolls of revelation
 B - 8 scrolls of poison
 E - 4 scrolls of silence
 I - 11 scrolls of blinking
 Y - 3 scrolls of immolation
Potions
 e - 8 potions of attraction
 f - 4 potions of berserk rage
 h - 4 potions of cancellation
 l - 27 potions of curing
 m - 21 potions of ambrosia
 z - 10 potions of enlightenment
 H - 3 potions of might
 J - 4 potions of mutation
 N - 8 potions of heal wounds
 R - 10 potions of lignification
 U - 6 potions of haste
 X - 3 potions of resistance
Miscellaneous
 i - a phial of floods


   Skills:
 O Level 27 Fighting
 - Level 22.0(27) Axes
 - Level 7.0(12.0) Throwing
 - Level 20.0(25.0) Armour
 - Level 20.0(25.0) Dodging
 + Level 20.9(25.9) Shields
 + Level 19.7 Invocations
 - Level 13.0 Evocations


You had 24 spell levels left.
You didn't know any spells.
Your spell library contained the following spells:

 Spells                   Type           Power      Damage    Failure   Level
 Apportation              Tloc           0%         N/A       88%         1
 Foxfire                  Conj/Fire      0%         2x1d4     88%         1
 Kiss of Death            Conj/Necr      0%         2d5       88%         1
 Magic Dart               Conj           0%         1d3       88%         1
 Necrotise                Necr           0%         1d4       88%         1
 Sting                    Tmut/Pois      0%         1d3       88%         1
 Blink                    Tloc           0%         N/A       95%         2
 Cigotuvi's Dreadful Rot  Necr/Pois/Air  0%         N/A       95%         2
 Ensorcelled Hibernation  Hex/Ice        0%         N/A       95%         2
 Lesser Beckoning         Tloc           0%         N/A       95%         2
 Momentum Strike          Conj/Tloc      0%         3d8       95%         2
 Passwall                 Tmut/Erth      0%         N/A       95%         2
 Poisonous Vapours        Pois/Air       0%         N/A       95%         2
 Scorch                   Fire           0%         2d5       95%         2
 Searing Ray              Conj           0%         2d4       95%         2
 Static Discharge         Conj/Air       0%         2-2/arc   95%         2
 Sublimation of Blood     Necr           0%         N/A       95%         2
 Wereblood                Tmut           0%         N/A       95%         2
 Confusing Touch          Hex            0%         N/A       99%         3
 Frozen Ramparts          Ice            0%         1d1       99%         3
 Inner Flame              Hex/Fire       0%         N/A       99%         3
 Mephitic Cloud           Conj/Pois/Air  0%         N/A       99%         3
 Sigil of Binding         Hex            0%         N/A       99%         3
 Stone Arrow              Conj/Erth      0%         3d7       99%         3
 Swiftness                Air            0%         N/A       99%         3
 Vampiric Draining        Necr           0%         2d6       99%         3
 Volatile Blastmotes      Fire/Tloc      0%         2d10      99%         3
 Airstrike                Air            0%         2d(0-16)  100%        4
 Anguish                  Hex/Necr       0%         N/A       100%        4
 Cause Fear               Hex            0%         N/A       100%        4
 Dimensional Bullseye     Hex/Tloc       0%         N/A       100%        4
 Dispel Undead            Necr           0%         3d6       100%        4
 Flame Wave               Conj/Fire      0%         2d4       100%        4
 Fulminant Prism          Conj/Hex       0%         3d5       100%        4
 Iskenderun's Mystic Bla  Conj/Tloc      0%         2d3       100%        4
 Leda's Liquefaction      Hex/Erth       0%         N/A       100%        4
 Manifold Assault         Tloc           0%         N/A       100%        4
 Olgreb's Toxic Radiance  Pois           0%         N/A       100%        4
 Petrify                  Tmut/Erth      0%         N/A       100%        4
 Sticky Flame             Conj/Fire      0%         2d3       100%        4
 Vhi's Electric Charge    Tloc/Air       0%         N/A       100%        4
 Agony                    Necr           0%         N/A       100%        5
 Borgnjor's Vile Clutch   Necr/Erth      0%         N/A       100%        5
 Freezing Cloud           Conj/Ice/Air   0%         6-21      100%        5
 Irradiate                Conj/Tmut      0%         3d11      100%        5
 Lee's Rapid Deconstruct  Erth           0%         3d4*      100%        5
 Metabolic Englaciation   Hex/Ice        0%         N/A       100%        5
 Silence                  Hex/Air        0%         N/A       100%        5
 Yara's Violent Unravell  Hex/Tmut       0%         3d3       100%        5
 Leda's Unmaking          Conj/Erth      0%         9d1       100%        6
 Plasma Beam              Fire/Air       0%         2x1d10    100%        6
 Enfeeble                 Hex            0%         N/A       100%        7
 Orb of Destruction       Conj           0%         9d5       100%        7
 Ozocubu's Refrigeration  Ice            0%         4d7       100%        7
 Borgnjor's Revivificati  Necr           0%         N/A       100%        8
 Chain Lightning          Conj/Air       0%         N/A       100%        9
 Death's Door             Necr           0%         N/A       100%        9
 Fire Storm               Conj/Fire      0%         5d1       100%        9
 Shatter                  Erth           0%         3d5*      100%        9
 Summon Small Mammal      Summ           Unusable   N/A       N/A         1
 Call Imp                 Summ           Unusable   N/A       N/A         2
 Call Canine Familiar     Summ           Unusable   N/A       N/A         3
 Summon Guardian Golem    Hex/Summ       Unusable   N/A       N/A         3
 Tukima's Dance           Hex            Unusable   N/A       N/A         3
 Animate Armour           Summ/Erth      Unusable   N/A       N/A         4
 Summon Lightning Spire   Summ/Air       Unusable   N/A       N/A         4
 Summon Mana Viper        Hex/Summ       Unusable   N/A       N/A         5
 Haunt                    Necr/Summ      Unusable   N/A       N/A         7
 Spellforged Servitor     Conj/Summ      Unusable   N/A       N/A         7
 Summon Hydra             Summ           Unusable   N/A       N/A         7
 Summon Horrible Things   Summ           Unusable   N/A       N/A         8
 Dragon's Call            Summ           Unusable   N/A       N/A         9

Dungeon Overview and Level Annotations

Branches:
Dungeon (15/15)            Temple (0/1) D:6            Lair (5/5) D:11
  Swamp (4/4) Lair:2       Spider (4/4) Lair:3        Slime (5/5) Lair:4
    Orc (2/2) D:9             Elf (3/3) Orc:2        Vaults (5/5) D:14
  Crypt (0/3) Vaults:2     Depths (4/4) D:15            Zot (5/5) Depths:4
 WizLab (visited)         Gauntlet (visited)

Altars:
Ashenzari
Cheibriados
Fedhas
Gozag
Hepliaklqana
Kikubaaqudgha
Makhleb
Okawaru
Qazlal
Sif Muna
Uskayaw
Vehumet
Wu Jian
Xom
Zin
Jiyva
Lugonu

Shops:
D:3 ?   D:6 *=([[   D:9 [   Orc:1 [   Orc:2 :*?!=((   Elf:1 [   Vaults:2 (
Vaults:5 (

Portals:
Hell: Depths:1 Depths:2 Depths:3
Abyss: Depths:3 Depths:4
Pandemonium: Depths:2 Depths:3
Ziggurat: Depths:3

Annotations:
Elf:2 5 runed translucent doors


Innate Abilities, Weirdness & Mutations

You have a pair of horns on your head.
You reflexively headbutt those who attack you in melee.
Armour fits poorly on your strangely shaped body.
You are somewhat resistant to further mutation.
You are weak. (Str -2)


Message History

You hit the orb of fire but do no damage.
The orb of fire is lightly damaged.
You slice the orb of fire!! You freeze the orb of fire.
Your headbutt misses the orb of fire.
The orb of fire is moderately damaged.
You miss the orb of fire. You headbutt the orb of fire.
The orb of fire is moderately damaged.
You miss the orb of fire.
The orb of fire is moderately damaged.
The orb of fire glows yellow.
The fireball explodes!
The fireball engulfs you!!
* * * LOW HITPOINT WARNING * * *
The fireball engulfs the orb of fire.
The orb of fire completely resists.
You hit the orb of fire. Your headbutt misses the orb of fire.
The orb of fire is heavily damaged.
You slash the orb of fire! You freeze the orb of fire.
You headbutt the orb of fire.
The orb of fire is heavily damaged.
You slash the orb of fire! You freeze the orb of fire.
You headbutt the orb of fire.
The orb of fire is heavily damaged.
You slash the orb of fire! You freeze the orb of fire.
The orb of fire is severely damaged.
You closely miss the orb of fire. You headbutt the orb of fire!
The orb of fire is severely damaged.
You slash the orb of fire! You freeze the orb of fire.
You headbutt the orb of fire.
The orb of fire is almost destroyed.
You hit the orb of fire but do no damage.
You headbutt the orb of fire, but do no damage.
The orb of fire is almost destroyed.
The orb of fire glows red.
The bolt of fire hits you!!
* * * LOW HITPOINT WARNING * * *
You hit the orb of fire but do no damage.
Your headbutt misses the orb of fire.
The orb of fire is almost destroyed.
The orb of fire glows deep purple.
The fireball explodes!
The fireball engulfs you!!!
You die...

###.........####.....####..####..
##.........####...#...##....####.
#...#......^##....##..[#.....####
...###............###!....##..###
..####..##........####...####..#.
.####..####...##...####...####...
####..####...###....##.....####..
###..####...####.*#.........##...
##.....#.....##^@#.....###.......
#...............##.##..# ##.....[
######▓▓▓▓########.########▓▓▓▓##
.....## #...............* **,
......## ##.............#* **^,
...^...## #...........?.# **,,,
........# ##...........## *,,,,
........# #..*........# *,,,,
........# ##...........#* *,,,,


You could see an orb of fire.

Vanquished Creatures
  the Royal Jelly (Slime:5)
  A dread lich (Zot:5)
  2 ancient liches
  2 orbs of fire
  Mennas (Vaults:3)
  Mara (Vaults:2)
  2 Killer Klowns (Zot:4)
  Xtahua (Vaults:4)
  A caustic shrike (Depths:2)
  4 curse toes
  Nikola (Spider:3)
  Jory (Vaults:2)
  14 golden dragons
  Norris (Vaults:4)
  Arachne (Spider:2)
  4 electric golems
  2 bone dragons
  Jorgrun (D:14)
  22 tentacled monstrosities
  Mlioglotl (Spider:1)
  10 Orb Guardians (Zot:5)
  2 walking earthen tomes
  4 liches
  A deep elf master archer (Elf:3)
  17 acid blobs
  4 titans
  8 sphinxes
  7 quicksilver dragons
  A walking divine tome (Depths:2)
  6 death cobs
  5 tengu reavers
  Kirke (D:12)
  10 shadow dragons
  Donald (Orc:2)
  19 storm dragons
  7 draconian monks
  Agnes (Spider:3)
  Aizul (Spider:4)
  11 azure jellies
  8 rockslimes (Slime:5)
  9 fire giants
  2 fenstrider witches (Swamp:4)
  5 draconian knights
  23 vault wardens
  9 frost giants
  An iron dragon (Depths:2)
  5 draconian scorchers
  4 emperor scorpions (Spider:4)
  6 ghost moths
  9 deep elf sorcerers
  2 deep elf elementalists (Elf:3)
  3 balrugs (Zot:3)
  4 formless jellyfish
  3 spriggan defenders (Depths:2)
  18 ironbound preservers
  2 draconian stormcallers (Zot:1)
  7 draconian shifters
  2 draconian annihilators
  10 ironbound thunderhulks
  8 orc warlords
  20 very ugly things
  3 war gargoyles (Vaults:3)
  5 quicksilver oozes
  3 broodmothers
  8 deep elf demonologists
  17 stone giants
  9 green draconians
  2 eleionomae
  7 white draconians
  3 vampire knights
  4 yellow draconians
  A white draconian (shapeshifter) (Zot:3)
  11 black draconians
  A black draconian (shapeshifter) (Zot:3)
  6 purple draconians
  A purple draconian (shapeshifter) (Zot:3)
  10 red draconians
  13 deep elf annihilators
  9 spark wasps
  A minotaur (Gauntlet)
  4 bunyips
  An eidolon (Vaults:2)
  18 dire elephants
  15 ettins
  An ettin (shapeshifter) (Vaults:5)
  8 deep elf death magi
  6 deep elf high priests
  Josephine (D:12)
  16 yaktaur captains
  2 crystal guardians
  The ghost of Demosthentine the Fighter, a journeyman DsGl of Hepliaklqana (D:12)
  8 fire dragons
  3 entropy weavers
  Harold (Lair:1)
  11 great orbs of eyes
  A shambling mangrove (Swamp:1)
  34 vault guards
  3 peacekeepers (Vaults:3)
  3 ogre magi
  4 rakshasas
  2 jorogumos
  3 ice dragons
  14 hydras
  3 spriggan air magi
  4 alligators (Swamp:2)
  3 radroaches
  8 centaur warriors
  4 boulder beetles
  2 merfolk aquamancers (D:15)
  A death knight (Vaults:2)
  3 ghost crabs (Swamp:4)
  11 ironbound frosthearts
  23 two-headed ogres
  7 dancing weapons
  4 deep troll shamans
  10 deep troll earth magi
  A death yak (Lair:1)
  9 tengu warriors
  4 orc high priests
  2 vampire magi
  6 demonic crawlers
  A sun demon (Depths:4)
  19 deep elf knights
  10 spriggans
  4 soul eaters (Depths:4)
  17 hell knights
  7 spriggan berserkers
  A salamander mystic (D:15)
  A death drake (Swamp:4)
  4 skysharks
  4 iron trolls (Depths:4)
  5 pharaoh ants
  11 orb spiders
  35 deep trolls
  7 goliath frogs
  An orb spider (shapeshifter) (Vaults:5)
  9 swamp dragons
  6 glowing orange brains
  2 spriggan druids
  4 flayed ghosts
  3 spectral hydras (Swamp:4)
  6 bog bodies
  13 orc knights
  4 steelbarb worms
  A tengu zombie (Vaults:3)
  20 ironbound convokers
  6 lindwurms
  17 deep elf archers
  11 necromancers
  5 phantasmal warriors
  7 shining eyes
  8 wizards
  35 deep elf pyromancers
  6 orc sorcerers
  26 deep elf zephyrmancers
  5 harpies
  4 alligator zombies (Swamp:4)
  18 wolf spiders
  4 manticores
  3 salamanders
  7 cyclopes
  A will-o-the-wisp (Swamp:2)
  43 ugly things
  29 moths of wrath
  An apocalypse crab (Zot:3)
  8 black mambas
  8 elephants
  A frost giant skeleton (Vaults:4)
  A rust devil (Depths:3)
  15 vault sentinels
  Maurice (D:8)
  Joseph (D:10)
  A water nymph (D:15)
  78 slime creatures
  2 smoke demons (Depths:4)
  3 molten gargoyles (Lair:5)
  2 gargoyles
  4 torpor snails
  3 guardian serpents (Zot:3)
  2 eyes of devastation
  9 cane toads
  A water nymph (shapeshifter) (D:15)
  An unseen horror (D:13)
  59 yaktaurs
  An efreet (D:14)
  4 rime drakes
  Maggie (Lair:1)
  3 kobold demonologists (D:14)
  3 freezing wraiths
  A hydra zombie (Swamp:4)
  A queen bee (D:15)
  9 trolls
  10 komodo dragons
  A merfolk (shapeshifter) (Vaults:5)
  8 meliai
  A meliai (shapeshifter) (Elf:3)
  A harpy zombie (Zot:3)
  10 blink frogs
  2 polar bears
  2 tarantellas (shapeshifter)
  15 hornets
  11 tyrant leeches
  5 raiju (Zot:3)
  A blink frog (shapeshifter) (D:13)
  4 dream sheep (Lair:4)
  24 tarantellas
  14 culicivoras
  14 jumping spiders
  3 air elementals
  A shadow (D:13)
  4 basilisks
  39 yaks
  A vampire (D:14)
  5 wyverns
  5 water elementals
  2 humans (D:12)
  5 hogs
  9 wraiths
  7 fire elementals
  6 steam dragons
  10 vampire mosquitoes
  37 redbacks
  Menkaure (D:7)
  7 wargs
  16 swamp worms
  Edmund (D:4)
  3 hell hounds (Lair:5)
  17 water moccasins
  4 acid dragons
  4 floating eyes
  13 ice beasts
  4 black bears
  A human zombie (Vaults:3)
  An ice beast (shapeshifter) (Elf:1)
  34 orc warriors
  6 swamp dragon zombies (Swamp:4)
  3 swamp drakes
  5 large abominations (Elf:2)
  17 ogres
  2 boggarts (Zot:3)
  15 wolves
  10 centaurs
  2 human skeletons
  3 phantoms
  4 elf zombies
  3 kobold brigands (D:14)
  10 bullfrogs
  2 gnoll sergeants
  5 scorpions
  4 wights (D:8)
  34 killer bees
  2 howler monkeys
  3 electric eels
  5 lava snakes (Lair:5)
  15 orc priests
  6 hounds
  A sleepcap (D:6)
  6 jellies
  A gnoll bouda (D:8)
  29 orc wizards
  4 spectral swamp drakes (Swamp:4)
  Robin (D:2)
  24 gnolls
  7 adders
  A swamp drake zombie (Swamp:4)
  A shadow imp (D:6)
  2 white imps
  An ufetubus (D:5)
  A worm (D:5)
  3 dart slugs (D:1)
  70 orcs
  9 ball pythons
  3 bats
  2 bat zombies (D:6)
  9 endoplasms
  6 giant cockroaches
  12 goblins
  8 hobgoblins
  7 jackals
  3 quokkas
  4 frilled lizards
  11 kobolds
  8 rats
  2 rat zombies (D:6)
  A butterfly (Zot:3)
2129 creatures vanquished.

Vanquished Creatures (others)
  A stone giant (Depths:2)
  A ghost crab (Swamp:4)
  An alligator (Swamp:2)
  A sun demon (Depths:4)
  3 deep elf knights (Elf:1)
  An alligator zombie (Swamp:4)
  A wizard (Vaults:1)
  10 bloated husks
  A redback (Spider:4)
  A swamp worm (Swamp:4)
  2 phantoms (Swamp:4)
  An orc wizard (Elf:2)
  4 foxfires (Swamp:2)
28 creatures vanquished.

Grand Total: 2157 creatures vanquished

Notes
Turn   | Place    | Note
-------+----------+-------------------------------------------
     0 | D:1      | Joey1 the Minotaur Fighter began the quest for the Orb.
     0 | D:1      | Reached XP level 1. HP: 19/19 MP: 0/0
   140 | D:1      | Reached XP level 2. HP: 27/27 MP: 1/1
   189 | D:1      | Reached skill level 1 in Dodging
   407 | D:1      | Reached XP level 3. HP: 32/33 MP: 2/2
   416 | D:1      | Found a faded altar of an unknown god.
   563 | D:2      | Noticed Robin
   574 | D:2      | Killed Robin
   575 | D:2      | Reached skill level 4 in Fighting
   673 | D:2      | Reached XP level 4. HP: 37/40 MP: 3/3
   930 | D:2      | Reached XP level 5. HP: 25/46 MP: 4/4
  1716 | D:3      | Found Gadezaf's Magic Scroll Boutique.
  1721 | D:3      | Reached skill level 5 in Armour
  1738 | D:3      | Bought 3 scrolls of identify for 78 gold pieces
  1738 | D:3      | Bought a scroll of identify for 26 gold pieces
  2359 | D:4      | Reached XP level 6. HP: 51/52 MP: 5/5
  2424 | D:4      | Noticed Edmund
  2431 | D:4      | Killed Edmund
  2565 | D:4      | Found an iron altar of Okawaru.
  2577 | D:4      | Became a worshipper of Warmaster Okawaru
  2763 | D:4      | Found an ornate altar of the Wu Jian Council.
  3121 | D:5      | Entered Level 5 of the Dungeon
  3130 | D:5      | Reached skill level 5 in Fighting
  3130 | D:5      | Reached skill level 5 in Shields
  3132 | D:5      | Reached XP level 7. HP: 61/61 MP: 6/6
  3265 | D:5      | Reached * piety under Okawaru
  3266 | D:5      | Reached skill level 5 in Axes
  3321 | D:5      | Found a hide-covered altar of Uskayaw.
  3614 | D:6      | Reached ** piety under Okawaru
  3739 | D:6      | Found Zugeu's Antique Armour Shop.
  3756 | D:6      | Reached XP level 8. HP: 58/68 MP: 7/7
  3882 | D:6      | Found Kimuack's Armour Boutique.
  3990 | D:6      | Found an ancient bone altar of Kikubaaqudgha.
  4031 | D:6      | Found a staircase to the Ecumenical Temple.
  4144 | D:6      | Found Zaecalue's Antique Weapon Boutique.
  4157 | D:6      | Found Puwkaec's Jewellery Shoppe.
  4281 | D:6      | Identified a scroll of acquirement
  4283 | D:6      | Acquired 1136 gold pieces
  4330 | D:6      | Bought a pair of runed gloves for 217 gold pieces
  4330 | D:6      | Bought a pair of brightly glowing boots for 275 gold pieces
  4330 | D:6      | Identified the +2 pair of boots "Tifewett" {rN+} (You
                  | bought it in a shop on level 6 of the Dungeon)
  4330 | D:6      | Bought a scorched plate armour for 812 gold pieces
  4330 | D:6      | Identified the +4 plate armour of Hoskaxue {rElec Regen+
                  | Str+2} (You bought it in a shop on level 6 of the Dungeon)
  4470 | D:6      | Found Wisaddu's Assorted Antiques.
  4530 | D:6      | Reached *** piety under Okawaru
  4700 | D:7      | Reached skill level 10 in Armour
  5043 | D:7      | Reached XP level 9. HP: 58/74 MP: 8/8
  5173 | D:7      | Reached **** piety under Okawaru
  5365 | D:7      | Noticed a two-headed ogre
  5370 | D:7      | Killed a two-headed ogre
  5410 | D:7      | Noticed Menkaure
  5419 | D:7      | Killed Menkaure
  5472 | D:7      | Found a burning altar of Makhleb.
  5659 | D:8      | Found a snail-covered altar of Cheibriados.
  5686 | D:8      | Noticed Maurice
  5689 | D:8      | Reached ***** piety under Okawaru
  5697 | D:8      | Killed Maurice
  5818 | D:8      | Found a shimmering altar of Xom.
  5905 | D:8      | Reached XP level 10. HP: 81/81 MP: 9/9
  5924 | D:8      | Found a stormy altar of Qazlal.
  5925 | D:8      | Found a broken altar of Ashenzari.
  5926 | D:8      | Found a blossoming altar of Fedhas.
  5927 | D:8      | Found a radiant altar of Vehumet.
  5998 | D:8      | Reached skill level 10 in Axes
  6325 | D:9      | Identified the +8 executioner's axe of Melee {freeze,
                  | Int+3} (Okawaru gifted it to you on level 9 of the Dungeon)
  6325 | D:9      | Received a gift from Okawaru
  6385 | D:9      | Found a staircase to the Orcish Mines.
  6576 | D:9      | Found Hynaq's Antique Armour Emporium.
  6637 | D:9      | Found a glowing silver altar of Zin.
  7149 | D:10     | Entered Level 10 of the Dungeon
  7202 | D:10     | Noticed a two-headed ogre
  7212 | D:10     | Killed a two-headed ogre
  7213 | D:10     | Reached skill level 15 in Armour
  7345 | D:10     | Noticed Joseph
  7356 | D:10     | Killed Joseph
  7437 | D:10     | Noticed a two-headed ogre
  7444 | D:10     | Killed a two-headed ogre
  7444 | D:10     | Received a gift from Okawaru
  7444 | D:10     | Reached ****** piety under Okawaru
  7445 | D:10     | Reached XP level 11. HP: 68/86 MP: 10/10
  7802 | D:11     | Noticed a two-headed ogre
  7813 | D:11     | Killed a two-headed ogre
  7814 | D:11     | Reached skill level 1 in Invocations
  7830 | D:11     | Noticed a red ugly thing
  7839 | D:11     | Killed a red ugly thing
  7850 | D:11     | Noticed a two-headed ogre
  7859 | D:11     | Killed a two-headed ogre
  7944 | D:11     | Found a gate leading to a gauntlet.
  7956 | Gauntlet | Entered a Gauntlet
  7956 | Gauntlet | Noticed a death yak
  7956 | Gauntlet | Found a transporter.
  7958 | Gauntlet | Noticed a death yak
  7959 | Gauntlet | Found a transporter.
  7959 | Gauntlet | Noticed a death yak
  7959 | Gauntlet | Noticed a death yak
  7959 | Gauntlet | Noticed a death yak
  7972 | Gauntlet | Found a transporter.
  7976 | Gauntlet | Found a transporter.
  7978 | Gauntlet | Found a large runed translucent door.
  7978 | Gauntlet | Found a large runed translucent door.
  7979 | Gauntlet | Found a large runed translucent door.
  7980 | Gauntlet | Found a large runed translucent door.
  7980 | Gauntlet | Found a large runed translucent door.
  7980 | Gauntlet | Found a runed translucent door.
  7981 | Gauntlet | Found a large runed translucent door.
  7982 | Gauntlet | Found a large runed translucent door.
  7983 | Gauntlet | Found a large runed translucent door.
  7983 | Gauntlet | Found a large runed translucent door.
  7984 | Gauntlet | Found a runed translucent gate.
  7984 | Gauntlet | Noticed a white ugly thing
  7985 | Gauntlet | Noticed a glowing orange brain
  7986 | Gauntlet | Noticed a red ugly thing
  7988 | Gauntlet | Noticed a glowing orange brain
  7992 | Gauntlet | Found a runed translucent gate.
  7992 | Gauntlet | Found a transporter.
  7993 | Gauntlet | Found a runed translucent gate.
  7993 | Gauntlet | Found a runed translucent door.
  7995 | Gauntlet | Found a large runed translucent door.
  7995 | Gauntlet | Found a large runed translucent door.
  7996 | Gauntlet | Found a large runed translucent door.
  7997 | Gauntlet | Found a large runed translucent door.
  8005 | Gauntlet | Found a runed translucent door.
  8006 | Gauntlet | Found a large runed translucent door.
  8006 | Gauntlet | Found a large runed translucent door.
  8006 | Gauntlet | Found a transporter.
  8007 | Gauntlet | Found a large runed translucent door.
  8009 | Gauntlet | Found a transporter.
  8013 | Gauntlet | Found a transporter.
  8015 | Gauntlet | Found a runed translucent door.
  8029 | Gauntlet | Noticed a balrug
  8032 | Gauntlet | Found a transporter.
  8040 | Gauntlet | Found a transporter.
  8040 | Gauntlet | Found a transporter.
  8048 | Gauntlet | Found a transporter.
  8289 | Gauntlet | Killed a glowing orange brain
  8297 | Gauntlet | Killed a glowing orange brain
  8303 | Gauntlet | Killed a red ugly thing
  8305 | Gauntlet | Killed a white ugly thing
  8358 | Gauntlet | Identified the ring of Kyschol {+Blink rElec EV+5}
  8431 | Gauntlet | Noticed a minotaur
  8442 | Gauntlet | Killed a minotaur
  8442 | Gauntlet | Received a gift from Okawaru
  8443 | Gauntlet | Reached skill level 5 in Invocations
  8521 | D:11     | Noticed a two-headed ogre
  8529 | D:11     | Killed a two-headed ogre
  8698 | D:11     | Reached XP level 12. HP: 70/94 MP: 15/15
  8709 | D:11     | Found a staircase to the Lair.
  8763 | D:11     | Received a gift from Okawaru
  9292 | D:12     | Found a runed translucent gate.
  9294 | D:12     | Found a runed translucent gate.
  9295 | D:12     | Found a runed translucent gate.
  9296 | D:12     | Noticed Demosthentine's ghost (journeyman DsGl)
  9322 | D:12     | Killed Demosthentine's ghost
  9322 | D:12     | Received a gift from Okawaru
  9323 | D:12     | Reached skill level 15 in Axes
  9593 | D:12     | Noticed a two-headed ogre
  9601 | D:12     | Killed a two-headed ogre
  9601 | D:12     | Identified the +0 hat "Xewaevu" {rElec rN+ Dex+3} (Okawaru
                  | gifted it to you on level 12 of the Dungeon)
  9601 | D:12     | Received a gift from Okawaru
  9611 | D:12     | Noticed Kirke
  9659 | Lair:1   | Entered Level 1 of the Lair of Beasts
  9793 | D:12     | Noticed Josephine
  9811 | D:12     | Killed Josephine
  9975 | D:12     | Killed Kirke
 10024 | D:12     | Noticed a two-headed ogre
 10031 | D:12     | Killed a two-headed ogre
 10032 | D:12     | Reached skill level 10 in Invocations
 10479 | Lair:1   | Noticed a death yak
 10491 | Lair:1   | Killed a death yak
 10492 | Lair:1   | Reached skill level 6 in Fighting
 10492 | Lair:1   | Reached XP level 13. HP: 101/102 MP: 19/19
 10548 | Lair:1   | Noticed Harold
 10563 | Lair:1   | Killed Harold
 10564 | Lair:1   | Reached skill level 7 in Fighting
 10569 | Lair:1   | Received a gift from Okawaru
 10676 | Lair:1   | Reached skill level 8 in Fighting
 10837 | Lair:1   | Reached skill level 9 in Fighting
 11059 | Lair:1   | Noticed Maggie
 11066 | Lair:1   | Killed Maggie
 11337 | Lair:2   | Reached skill level 10 in Fighting
 11352 | Lair:2   | Received a gift from Okawaru
 11483 | Lair:2   | Reached skill level 11 in Fighting
 11592 | Lair:2   | Found a staircase to the Swamp.
 12479 | Lair:3   | Reached skill level 12 in Fighting
 12606 | Lair:3   | Reached skill level 13 in Fighting
 12845 | Lair:3   | Found a hole to the Spider Nest.
 12924 | Lair:3   | Reached skill level 1 in Throwing
 13074 | Lair:4   | Identified the +1 kite shield of Umyv {rPois Int+6 Stlth+}
                  | (Okawaru gifted it to you on level 4 of the Lair of Beasts)
 13074 | Lair:4   | Received a gift from Okawaru
 13380 | Lair:4   | Reached XP level 14. HP: 104/129 MP: 20/20
 13530 | Lair:4   | Reached skill level 5 in Dodging
 13580 | Lair:4   | Found a shimmering blue altar of Sif Muna.
 13618 | Lair:4   | Found a viscous altar of Jiyva.
 13618 | Lair:4   | Found a staircase to the Slime Pits.
 14028 | Lair:5   | Entered Level 5 of the Lair of Beasts
 14330 | Lair:5   | Identified the +1 pair of gloves "Puxikhl Zauq" {rF- rC+
                  | Int+2 Dex+2} (Okawaru gifted it to you on level 5 of the
                  | Lair of Beasts)
 14330 | Lair:5   | Received a gift from Okawaru
 14398 | Lair:5   | Reached skill level 5 in Throwing
 14441 | Lair:5   | Found a large runed translucent door.
 14441 | Lair:5   | Found a large runed translucent door.
 14973 | Orc:1    | Entered Level 1 of the Orcish Mines
 14989 | Orc:1    | Found Xaytoet's Antique Armour Shoppe.
 15263 | Orc:2    | Entered Level 2 of the Orcish Mines
 15402 | Orc:2    | Paralysed by an orc sorcerer for 4 turns
 15520 | Orc:2    | Found a staircase to the Elven Halls.
 15546 | Orc:2    | Found Sefypp's Weapon Boutique.
 15608 | Orc:2    | Found Izapre's Antique Weapon Emporium.
 15611 | Orc:2    | Noticed an orc warlord
 15620 | Orc:2    | Noticed Donald
 15634 | Orc:2    | Killed an orc warlord
 15655 | Orc:2    | Killed Donald
 15668 | Orc:2    | Identified the +7 plate armour "Anaraisuzi" {rN+ Regen+
                  | Int-4 Slay+3} (Okawaru gifted it to you on level 2 of the
                  | Orcish Mines)
 15668 | Orc:2    | Received a gift from Okawaru
 15669 | Orc:2    | Reached skill level 10 in Shields
 15736 | Orc:2    | Found Visagaur's Distillery.
 15736 | Orc:2    | Found Orerr's Assorted Antiques.
 15737 | Orc:2    | Found Uroizuec's Magic Scroll Emporium.
 15741 | Orc:2    | Found Pynup's Jewellery Shoppe.
 15846 | Orc:2    | Found Mep Ziy's Book Emporium.
 16105 | Orc:2    | Bought a scroll of silence for 114 gold pieces
 16105 | Orc:2    | Bought a scroll of blinking for 90 gold pieces
 16105 | Orc:2    | Bought a scroll of teleportation for 36 gold pieces
 16107 | Orc:2    | Bought a scroll of revelation for 202 gold pieces
 16107 | Orc:2    | Bought a potion of haste for 270 gold pieces
 16107 | Orc:2    | Bought a scroll of blinking for 202 gold pieces
 16109 | Orc:2    | Bought a potion of enlightenment for 70 gold pieces
 16109 | Orc:2    | Bought a potion of haste for 140 gold pieces
 16109 | Orc:2    | Bought a potion of might for 56 gold pieces
 16109 | Orc:2    | Bought a potion of curing for 42 gold pieces
 16109 | Orc:2    | Bought a potion of enlightenment for 70 gold pieces
 16109 | Orc:2    | Bought a potion of resistance for 140 gold pieces
 16109 | Orc:2    | Bought a potion of curing for 42 gold pieces
 16142 | Elf:1    | Entered Level 1 of the Elven Halls
 16193 | Arena    | Entered the Arena
 16219 | Elf:1    | Reached XP level 15. HP: 50/136 MP: 17/21
 16271 | Elf:1    | Reached skill level 14 in Fighting
 16326 | Elf:1    | Paralysed by an air elemental for 1 turns
 16390 | Elf:1    | Identified the +5 kite shield "Qacu" {rN+ Str-2 Int+4}
                  | (Okawaru gifted it to you on level 1 of the Elven Halls)
 16390 | Elf:1    | Received a gift from Okawaru
 16571 | Elf:1    | Found a magical portal.
 16580 | WizLab   | Entered Wucad Mu's Monastery
 16607 | WizLab   | Noticed a grey draconian monk
 16707 | WizLab   | Noticed a grey draconian monk
 16735 | WizLab   | Noticed a grey draconian monk
 16924 | Elf:1    | Reached skill level 10 in Dodging
 16930 | Elf:1    | Reached skill level 15 in Fighting
 16936 | Elf:1    | Reached skill level 1 in Evocations
 16961 | Elf:1    | Found Qubiof Kicu's Antique Armour Emporium.
 17205 | Elf:1    | Got Vehumet's Directory of Trauma
 17608 | Elf:2    | Reached skill level 5 in Evocations
 17666 | Elf:1    | Received a gift from Okawaru
 17912 | Elf:2    | Identified the +5 hat "Fozihaum" {rElec rPois Dex+4}
                  | (Okawaru gifted it to you on level 2 of the Elven Halls)
 17912 | Elf:2    | Received a gift from Okawaru
 18134 | Elf:2    | Reached XP level 16. HP: 149/149 MP: 7/22
 18174 | Elf:2    | Found a huge runed translucent gate.
 18174 | Elf:2    | Found a huge runed translucent gate.
 18174 | Elf:2    | Found a huge runed translucent gate.
 18177 | Elf:2    | Found a huge runed translucent gate.
 18179 | Elf:2    | Found a huge runed translucent gate.
 18261 | Elf:2    | Got Lethregh's Secrets of the Crypt
 18433 | Elf:3    | Entered Level 3 of the Elven Halls
 18820 | Elf:3    | Identified the +6 battleaxe of Oozing Pus {drain, Int+3}
                  | (Okawaru gifted it to you on level 3 of the Elven Halls)
 18820 | Elf:3    | Received a gift from Okawaru
 18838 | Elf:3    | Paralysed by an air elemental for 1 turns
 18850 | Elf:3    | Found a radiant altar of Vehumet.
 18924 | Elf:3    | Noticed a Hell Sentinel
 18941 | Elf:3    | Noticed a deep elf master archer
 18955 | Elf:3    | Reached skill level 16 in Fighting
 18972 | Elf:3    | Received a gift from Okawaru
 19111 | Elf:3    | Identified the +8 war axe of the Land of Plenty {venom,
                  | Dex+2}
 19173 | Elf:3    | Killed a deep elf master archer
 19238 | Elf:3    | Reached skill level 17 in Fighting
 19254 | Elf:3    | Identified the +7 quarterstaff "Lalif" {flame, *Noise rElec
                  | Int+4}
 19282 | Elf:3    | Identified the +1 robe "Rarra" {Int+6}
 19404 | Elf:3    | Identified the +1 robe of Boredom {Fly Dex+2}
 19404 | Elf:3    | Identified the amulet "Jebbe" {Spirit rF- Int+3 SInv}
 19406 | Elf:3    | Identified the ring "Uluzoh" {Fire Str+9 Int-4 Slay+5
                  | Stlth-}
 19424 | Elf:3    | Received a gift from Okawaru
 19454 | Elf:3    | Got Guesm's Thoughts on Cloudy Invitation
 19487 | Elf:3    | Identified the +3 rapier of the Warrior-Mage {flame, rN++}
 19508 | Elf:3    | Identified the staff of Wu Jian {Dex+5 Conj}
 19644 | Elf:3    | Reached skill level 18 in Fighting
 19843 | Elf:1    | Bought an embroidered cloak for 232 gold pieces
 20218 | Swamp:1  | Entered Level 1 of the Swamp
 20394 | Swamp:1  | Reached XP level 17. HP: 147/166 MP: 7/23
 20784 | Swamp:2  | Received a gift from Okawaru
 20863 | Swamp:2  | Reached skill level 19 in Fighting
 21447 | Swamp:3  | Received a gift from Okawaru
 21468 | Swamp:3  | Reached skill level 20 in Fighting
 22113 | Swamp:4  | Entered Level 4 of the Swamp
 22165 | Swamp:4  | Reached skill level 21 in Fighting
 22510 | Swamp:4  | Received a gift from Okawaru
 22580 | Swamp:4  | Noticed a bone dragon
 22610 | Swamp:4  | Killed a bone dragon
 22689 | Swamp:4  | Reached skill level 22 in Fighting
 22979 | Swamp:4  | Got a decaying rune of Zot
 23695 | D:13     | Received a gift from Okawaru
 23711 | D:13     | You fall into a shaft and drop 2 floors!
 23711 | D:15     | Entered Level 15 of the Dungeon
 23961 | D:14     | Reached XP level 18. HP: 179/184 MP: 23/25
 24229 | D:14     | Noticed Jorgrun
 24259 | D:14     | Killed Jorgrun
 24261 | D:14     | Received a gift from Okawaru
 24609 | D:14     | Found a gate to the Vaults.
 25156 | D:15     | Received a gift from Okawaru
 25286 | D:15     | Found a staircase to the Depths.
 25601 | Depths:1 | Entered Level 1 of the Depths
 25920 | Depths:1 | Identified the +0 scale mail of Relativism {rPois rF+++ rC+
                  | Int-3} (Okawaru gifted it to you on level 1 of the Depths)
 25920 | Depths:1 | Received a gift from Okawaru
 25962 | Depths:1 | Noticed a lich
 25984 | Depths:1 | Killed a lich
 26124 | Depths:1 | Identified the +0 cloak of Lifelessness {*Slow rF+ rC+
                  | Stlth+}
 26213 | Depths:1 | Found a gateway to Hell.
 26264 | Depths:1 | Found a hazy altar of Hepliaklqana.
 26371 | Depths:1 | Found a stormy altar of Qazlal.
 26418 | Depths:2 | Noticed a tentacled monstrosity
 26427 | Depths:2 | Killed a tentacled monstrosity
 26556 | Depths:2 | Reached skill level 15 in Invocations
 26639 | Depths:2 | Found a one-way gate leading to the halls of Pandemonium.
 26640 | Depths:2 | Found a snail-covered altar of Cheibriados.
 26640 | Depths:2 | Found a snail-covered altar of Cheibriados.
 26641 | Depths:2 | Found a broken altar of Ashenzari.
 26757 | Depths:2 | Identified the +0 chain mail "Idghuul" {Fly Int+3} (Okawaru
                  | gifted it to you on level 2 of the Depths)
 26757 | Depths:2 | Received a gift from Okawaru
 26782 | Depths:2 | Reached XP level 19. HP: 160/191 MP: 27/29
 27026 | Depths:2 | Noticed a caustic shrike
 27035 | Depths:2 | Killed a caustic shrike
 27036 | Depths:2 | Reached skill level 10 in Evocations
 27687 | Depths:2 | Identified the +0 sling of Duty {heavy, rPois} (Okawaru
                  | gifted it to you on level 2 of the Depths)
 27687 | Depths:2 | Received a gift from Okawaru
 27726 | Depths:2 | Noticed a golden dragon
 27735 | Depths:2 | Killed a golden dragon
 27933 | Depths:2 | Identified the +4 scale mail of the Crushed Priests {rPois
                  | Regen+}
 27962 | Depths:2 | Identified the +2 quarterstaff "Giantslayer" {pain,
                  | *Corrode rElec Str+4 Dex+2}
 28043 | Depths:2 | Noticed a golden dragon
 28055 | Depths:2 | Killed a golden dragon
 28055 | Depths:2 | Received a gift from Okawaru
 28070 | Depths:2 | Identified the ring "Qyrus" {Str+2 Int+6}
 28204 | Depths:3 | Noticed a golden dragon
 28220 | Depths:3 | Killed a golden dragon
 28360 | Depths:3 | Found a one-way gate to the infinite horrors of the Abyss.
 28618 | Depths:3 | Found an opulent altar of Gozag.
 28641 | Depths:3 | Found a one-way gateway to a ziggurat.
 28764 | Depths:3 | Reached XP level 20. HP: 198/200 MP: 23/30
 28764 | Depths:3 | Received a gift from Okawaru
 28958 | Depths:4 | Entered Level 4 of the Depths
 29077 | Depths:4 | Received a gift from Okawaru
 29241 | Depths:4 | Paralysed by a floating eye for 4 turns
 29409 | Depths:4 | Received a gift from Okawaru
 29528 | Depths:4 | Noticed a bone dragon
 29559 | Depths:4 | Killed a bone dragon
 29567 | Depths:4 | Noticed a golden dragon
 29587 | Depths:4 | Killed a golden dragon
 29753 | Depths:4 | Noticed a golden dragon
 29765 | Depths:4 | Killed a golden dragon
 29766 | Depths:4 | Found a gate to the Realm of Zot.
 29785 | Depths:4 | Received a gift from Okawaru
 30269 | Depths:4 | Paralysed by a floating eye for 4 turns
 30381 | Depths:4 | Noticed a golden dragon
 30391 | Depths:4 | Killed a golden dragon
 30476 | Depths:4 | Identified the +4 demon trident "Qyuho" {freeze, Will+
                  | Int-2 Dex+6}
 30580 | Depths:4 | Found a corrupted altar of Lugonu.
 30891 | Vaults:1 | Entered Level 1 of the Vaults
 30951 | Vaults:1 | Received a gift from Okawaru
 31612 | Vaults:1 | Reached skill level 15 in Shields
 31959 | Vaults:1 | Reached XP level 21. HP: 206/207 MP: 31/31
 32342 | Vaults:2 | Received a gift from Okawaru
 32523 | Vaults:2 | Received a gift from Okawaru
 32597 | Vaults:2 | Noticed Mara
 32618 | Vaults:2 | Noticed Joey1's illusion
 32629 | Vaults:2 | Killed Mara
 32896 | Vaults:2 | Found a staircase to the Crypt.
 32911 | Vaults:2 | Reached skill level 15 in Dodging
 32917 | Vaults:2 | Found Loghi's Weapon Boutique.
 33328 | D:6      | Bought the amulet "Fyimp" {Faith rElec Str+7 Dex-2} for 903
                  | gold pieces
 33377 | D:6      | Bought a potion of curing for 75 gold pieces
 33477 | D:3      | Bought a scroll of silence for 123 gold pieces
 33477 | D:3      | Bought a scroll of teleportation for 39 gold pieces
 34535 | Vaults:2 | Noticed Jory
 34544 | Vaults:2 | Killed Jory
 34648 | Vaults:3 | Identified the +13 plate armour of Lamot {Rampage Regen+}
                  | (Okawaru gifted it to you on level 3 of the Vaults)
 34648 | Vaults:3 | Received a gift from Okawaru
 34806 | Vaults:3 | Noticed Mennas
 34854 | Vaults:3 | Killed Mennas
 35386 | Vaults:3 | Found a portal to a secret trove of treasure.
 35419 | Vaults:3 | You paid a toll of 5 scrolls of fear to enter a treasure
                  | trove
 35420 | Trove    | Entered a treasure trove
 35424 | Trove    | Identified the amulet "Kenli" {Acrobat Will+ rCorr Str+4
                  | Dex-5}
 35431 | Trove    | Identified the amulet "Miokhlar" {rN+ Regen+}
 35435 | Trove    | Identified the ring "Ponkot" {rC+ Str+3}
 35439 | Trove    | Identified the amulet "Palaise" {Acrobat rC+ Str+3 Int-2}
 35441 | Trove    | Identified the amulet of Nimo {rF+ Regen+ Str+3}
 35446 | Trove    | Identified the ring of Qiunix {rN+ rCorr Stlth+}
 35448 | Trove    | Identified the amulet of Ru's Favour {*Slow rElec Regen+
                  | Dex+8 SInv}
 35450 | Trove    | Identified the ring "Meffe" {rElec rF+ rCorr}
 35607 | Vaults:3 | Reached XP level 22. HP: 130/215 MP: 28/32
 35821 | Vaults:3 | Received a gift from Okawaru
 36158 | Vaults:4 | Received a gift from Okawaru
 36166 | Vaults:4 | Identified the +5 broad axe of Raow {flame, rF- rN+++
                  | Str+3} (Okawaru gifted it to you on level 4 of the Vaults)
 36166 | Vaults:4 | Received a gift from Okawaru
 36476 | Vaults:4 | Noticed Norris
 36491 | Vaults:4 | Lost intelligence.
 36499 | Vaults:4 | Killed Norris
 37210 | Vaults:4 | Noticed Xtahua
 37224 | Vaults:4 | Killed Xtahua
 37516 | Vaults:5 | Entered Level 5 of the Vaults
 37534 | Vaults:5 | Received a gift from Okawaru
 37672 | Vaults:5 | Received a gift from Okawaru
 37853 | Vaults:5 | Received a gift from Okawaru
 37876 | Vaults:5 | Received a gift from Okawaru
 37987 | Vaults:5 | Found Tilosim's Weapon Shoppe.
 37996 | Vaults:5 | Identified the +1 scale mail of Rismocics {rCorr Dex+2}
                  | (Okawaru gifted it to you on level 5 of the Vaults)
 37996 | Vaults:5 | Received a gift from Okawaru
 38070 | Vaults:5 | Identified the +5 scale mail of Wu Jian's Scorn {-Tele rC-
                  | Int+6 Dex+3}
 38124 | Vaults:5 | Identified the +6 trident "Myhe" {flame, Contam Int+3 SInv}
 38267 | Vaults:5 | Reached XP level 23. HP: 206/223 MP: 34/34
 38617 | Vaults:5 | Noticed an ancient lich
 38632 | Vaults:5 | Killed an ancient lich
 38672 | Vaults:5 | Got a silver rune of Zot
 38850 | Vaults:5 | Identified the +6 shortbow "Koist" {freeze, Will+ MP+9}
 38856 | Vaults:5 | Identified the +3 ring mail "Xodur" {rElec rN+ Int-4}
 38973 | Vaults:5 | Identified the +5 rapier of the Sky {venom, rF+ rC+ Will+}
 39015 | Vaults:5 | Got the Grimoire of the Familiar and the Coals
 39135 | Vaults:5 | Identified the staff of the Spectre {Stlth+ Earth}
 39242 | Vaults:5 | Got the Incunabulum of Ensnaring Ignition
 39565 | Spider:1 | Entered Level 1 of the Spider Nest
 39887 | Spider:1 | Noticed Mlioglotl
 39898 | Spider:1 | Killed Mlioglotl
 40001 | Spider:1 | Received a gift from Okawaru
 40228 | Spider:2 | Noticed Arachne
 40237 | Spider:2 | Killed Arachne
 40404 | Spider:2 | Identified the +1 ring mail "Vadad" {Fly rElec Str-5
                  | Slay+6} (Okawaru gifted it to you on level 2 of the Spider
                  | Nest)
 40404 | Spider:2 | Received a gift from Okawaru
 41024 | Spider:3 | Found the +9 sword of Power {lifebolt}
 41061 | Spider:3 | Noticed Agnes
 41070 | Spider:3 | Killed Agnes
 41174 | Spider:3 | Noticed Nikola
 41190 | Spider:3 | Killed Nikola
 41924 | Spider:3 | Identified the +2 trident of Plague {freeze, *Rage rElec
                  | rPois Dex+3}
 42100 | Spider:4 | Entered Level 4 of the Spider Nest
 42669 | Spider:4 | Noticed Aizul
 42690 | Spider:4 | Killed Aizul
 43293 | Spider:4 | Got a gossamer rune of Zot
 43554 | Slime:1  | Entered Level 1 of the Pits of Slime
 43556 | Slime:1  | Gained mutation: You are occasionally teleported next to
                  | monsters. [a shining eye]
 43614 | Lair:4   | Lost mutation: You are occasionally teleported next to
                  | monsters. [potion of mutation]
 43614 | Lair:4   | Gained mutation: You are partially covered in iridescent
                  | scales. (AC +2) [potion of mutation]
 43614 | Lair:4   | Gained mutation: Your body sometimes deteriorates upon
                  | taking damage. [potion of mutation]
 43615 | Lair:4   | Lost mutation: Your body sometimes deteriorates upon taking
                  | damage. [potion of mutation]
 43615 | Lair:4   | Lost mutation: You are partially covered in iridescent
                  | scales. (AC +2) [potion of mutation]
 43615 | Lair:4   | Gained mutation: You are somewhat resistant to further
                  | mutation. [potion of mutation]
 43694 | Slime:2  | Reached XP level 24. HP: 190/233 MP: 35/35
 43793 | Slime:5  | Entered Level 5 of the Pits of Slime
 43906 | Slime:5  | Found a viscous altar of Jiyva.
 43907 | Slime:5  | Noticed the Royal Jelly
 43924 | Slime:5  | Killed the Royal Jelly
 43924 | Slime:5  | Received a gift from Okawaru
 43953 | Slime:5  | Reached skill level 23 in Fighting
 44083 | Slime:5  | Found the +4 consecrated labrys {holy, Valiant Fragile Fly
                  | SInv}
 44100 | Slime:5  | Got Jelud's Anthology of the Green Cumulonimbus
 44102 | Slime:5  | Got a slimy rune of Zot
 44117 | Slime:5  | Identified the ring "Biph" {rN+ SInv}
 44119 | Slime:5  | Identified the ring of Xyadau {rC+ Will+ Str-3 Dex+6}
 44174 | Slime:5  | Identified the +6 glaive of Calamity {venom, Dex+3}
 44191 | Slime:5  | Identified the +11 long sword "Daitufa" {flame, +Blink}
 44234 | Slime:5  | Identified the ring of Jealousy {+Blink rF+ rCorr}
 44237 | Slime:5  | Identified the +12 scimitar of Kolacenu {pain, rF+ rC-
                  | Will+ Stlth+}
 44255 | Slime:5  | Identified the +1 chain mail of Forking Paths {rElec rC+++
                  | Str-3 Slay+5}
 44256 | Slime:5  | Identified the ring of Efekki {Int+4 Dex+6}
 44260 | Slime:5  | Got the Octavo of the Wendigo
 45165 | Zot:1    | Entered Level 1 of the Realm of Zot
 45278 | Zot:1    | Reached skill level 24 in Fighting
 45501 | Zot:1    | Received a gift from Okawaru
 46213 | Zot:1    | Noticed an orb of fire
 46221 | Zot:1    | Gained mutation: You are weak. (Str -2) [an orb of fire]
 46230 | Zot:1    | Killed an orb of fire
 46231 | Zot:1    | Reached skill level 25 in Fighting
 46953 | Zot:2    | Identified the +0 hat of the Thinker {Slay+2 SInv} (Okawaru
                  | gifted it to you on level 2 of the Realm of Zot)
 46953 | Zot:2    | Received a gift from Okawaru
 46954 | Zot:2    | Reached skill level 26 in Fighting
 47620 | Zot:3    | Reached XP level 25. HP: 177/255 MP: 34/35
 47637 | Zot:3    | Reached skill level 27 in Fighting
 48424 | Zot:3    | Found a glowing silver altar of Zin.
 49234 | Zot:4    | Noticed a Killer Klown
 49246 | Zot:4    | Killed a Killer Klown
 49246 | Zot:4    | Received a gift from Okawaru
 49355 | Zot:4    | Noticed a Killer Klown
 49365 | Zot:4    | Killed a Killer Klown
 49400 | Zot:4    | Identified the +7 war axe "Osen Eho" {protect, rF+ rN+}
                  | (Okawaru gifted it to you on level 4 of the Realm of Zot)
 49400 | Zot:4    | Received a gift from Okawaru
 49670 | Zot:5    | Entered Level 5 of the Realm of Zot
 50211 | Zot:5    | Noticed an ancient lich
 50222 | Zot:5    | Noticed a dread lich
 50228 | Zot:5    | Killed an ancient lich
 50238 | Zot:5    | Paralysed by a dread lich for 3 turns
 50242 | Zot:5    | Killed a dread lich
 50242 | Zot:5    | Received a gift from Okawaru
 50405 | Zot:5    | Noticed an orb of fire
 50408 | Zot:5    | Gained mutation: Armour fits poorly on your strangely
                  | shaped body. [an orb of fire]
 50411 | Zot:5    | Noticed a Killer Klown
 50423 | Zot:5    | Killed an orb of fire
 50442 | Zot:5    | Noticed an orb of fire
 50477 | Zot:5    | Killed from afar by an orb of fire

Illustrated notes

Levels and vault maps discovered:
D:1:      eino_arrival_water_star, layout_rooms, shapermc_ecumenical_altar_venn
D:2:      layout_basic, serial_curves, eino_curves_02, eino_curves_01,
          eino_curves_02, minmay_randomly_rotated_circles, uniq_robin
D:3:      layout_basic, serial_shops, nicolae_shop_rolling_square
D:4:      layout_basic, okawaru_gym_becter, lemuel_tele_altar,
          kennysheep_generic_room_9, uniq_edmund
D:5:      layout_rooms, lemuel_doored_altar
D:6:      layout_gridville, lemuel_zombie_altar_kikubaaqudgha,
          minmay_temple_entry_from_below_a, serial_shops, shop,
          nicolae_shop_trees, shop, nicolae_shop_waterfront, nicolae_shop_trees,
          dk_noncrumbling_3
D:7:      layout_loops_corners, marbit_many_paths, uniq_menkaure
D:8:      layout_rooms, mainiacjoe_overflow_alcove_3, old_standard_altar,
          amcnicky_altar_gilded, lightli_minifort, uniq_maurice
D:9:      layout_layer_cave, mainiacjoe_overflow_alcove_1, serial_shops,
          nicolae_shop_tiny_glass, nicolae_titane
D:10:     layout_cross, uniq_joseph
D:11:     layout_long_grid, hellmonk_lair_entry_icy, gauntlet_entry_generic,
          grunt_potential
D:12:     layout_loops_ring, ebering_ghost_rock_garden, uniq_josephine,
          uniq_kirke
D:13:     layout_gridville
D:14:     layout_basic, david_vaults_1, uniq_jorgrun
D:15:     gammafunk_enter_depths_forms, layout_loops_cross, special_room
          [special_room_bee], nicolae_splish_splash
Lair:1:   layout_gridlike, st_stairs_10, uniq_maggie, uniq_harold
Lair:2:   layout_cave_shapes, minmay_swamp_entry_worms, st_stairs_13
Lair:3:   layout_hall_layers, dummy_spider_entry, serial_bayou_shore_b
Lair:4:   layout_hall_layers, slime_entry_1, basic_altar, serial_bayou_shore_a,
          grunt_megastairs_5, infiniplex_staircase_pool
Lair:5:   cheibrodos_lair_end_hotspot, layout_concentric_octagons,
          infiniplex_staircase_pool_2
Swamp:1:  layout_falls_marsh, evilmike_swamp_ruin_rubble_2
Swamp:2:  layout_basic_swamp, evilmike_swamp_ruin_house_2, swamp_pool2,
          nicolae_swamp_catching_bugs
Swamp:3:  layout_basic_swamp, evilmike_swamp_ruin_rubble_1, swamp_pool4,
          st_swamp_ruins_2
Swamp:4:  swamp_pestilence, layout_basic_swamp
Spider:1: layout_spider_delve, nicolae_spider_jagged_tunnels, uniq_mlioglotl
Spider:2: layout_spider_delve, uniq_arachne
Spider:3: layout_chambers, uniq_agnes, uniq_nikola
Spider:4: spider_rune_water, uniq_aizul
Slime:1:  layout_caves
Slime:2:  layout_caves
Slime:3:  layout_caves, special_room [special_room_jelly],
          cheibrodos_slime_lost_civilization_7
Slime:4:  layout_caves
Slime:5:  slime_pit_nicolae_trefoil
Orc:1:    layout_caves, serial_shops, nicolae_shop_dealshenge
Orc:2:    st_orc_mages, layout_caves, serial_shops, nicolae_diamond_shop,
          nicolae_shop_tiny_statue_garden, nicolae_shop_waterfront, uniq_donald
Elf:1:    minmay_elf_arrival_summoners, layout_loops_ring, mu_enter_wizlab_4,
          serial_shops, shop, minmay_elf_annihilation, feat_on_display
Elf:2:    elven_hall_of_blades_hangedman_alternative
          [nicolae_blade_entry_antechamber], layout_geoelf_grid,
          minmay_elf_necromancy
Elf:3:    minmay_elf_hall_x, layout_geoelf_grid, basic_altar
Vaults:1: nicolae_vaults_door_testing_chamber, nicolae_vaults_weapon_check,
          nicolae_vaults_doubleplus_tesselated, vaults_mumra_chevron,
          hangedman_vaults_nails, nicolae_vaults_diamond_2,
          nicolae_vaults_tangram_2, nicolae_vaults_octagons,
          nicolae_vaults_tetromino_T_1, nicolae_vaults_more_shelving_2,
          nicolae_vaults_turnstiles, layout_vaults_ring
Vaults:2: vaults_room_ringed_pool, nicolae_vaults_little_squares_4,
          nicolae_vaults_ninety_degrees, nicolae_vaults_swerve, v_misc_24,
          minmay_crypt_entry_simple_plaza, nicolae_vaults_six-pack, v_misc_22,
          nicolae_vaults_trapezoid_lopsided_3,
          nicolae_vaults_little_guard_posts, grunt_vaults_diagonal, v_misc_12,
          nicolae_vaults_tetromino_T_2, vaults_room_grunt_arrival_ludios,
          nicolae_vaults_border_crossing, layout_vaults_omnibox, serial_shops,
          shop, uniq_mara, uniq_jory
Vaults:3: v_alt_pattern_1, hangedman_vaults_unwind, v_misc_26, v_misc_18,
          v_pattern_4, vaults_room_guarded_vault,
          nicolae_vaults_trapezoid_lopsided_3, ontoclasm_vaults_pinch,
          vaults_room_semicircle, nicolae_vaults_house_1,
          nicolae_vaults_gold_heap, v_alt_pattern_6,
          nicolae_vaults_tetromino_Z_1, vaults_dpeg_diagonal,
          nicolae_vaults_tetromino_L_1, vaults_mumra_minichess,
          layout_vaults_omnicross, nicolae_trove_entry_free_sample, uniq_mennas
Vaults:4: nicolae_vaults_offset_grid_hallway_2, dpeg_vaults_monster_box,
          nicolae_vaults_house_3, nicolae_vaults_surprise_closet_hard,
          nicolae_vaults_apartment_1, nicolae_vaults_shelves_hall,
          layout_vaults_omnigrid, uniq_xtahua, uniq_norris
Vaults:5: uniq_margery
Depths:1: layout_cave_pools, nicolae_qazlal_eye_of_the_storm, pf_coc_iceberg,
          nicolae_hepliaklqana_hippocampus
Depths:2: hangedman_slaughterboxes, hell_entry, pan_entry
Depths:3: kennysheep_ogre_elephant_herders, layout_cave_pools, enter_ziggurat_c,
          grunt_pan_entry_spiral, hell_entry, nicolae_gozag_seed_capital,
          abyss_entry
Depths:4: grunt_zot_entry_alcove, layout_honeycomb, abyss_entry_flame_altar,
          hellmouth_2
Zot:1:    grunt_zot_stairs_mandelzot, layout_cathedral_of_symmetry,
          hangedman_zot_wheel_spokes, skrybe_zot_glass_3
Zot:2:    layout_cathedral_of_symmetry
Zot:3:    hangedman_orp_of_zott, layout_misc_corridors
Zot:4:    kennysheep_spiral_hall, layout_gridlike
Zot:5:    layout_onion

Skill      XL: |  1  2  3  4  5  6  7  8  9 10 11 12 13 14 15 16 17 18 19 20 21 22 23 24 25 |
---------------+----------------------------------------------------------------------------+-----
Dodging        | 1 2 3 4 8 10 11 13 15 17 18 19 20 | 20.0
Armour         | 4 5 6 8 10 13 15 16 17 18 19 20 | 20.0
Axes           | 3 4 6 7 9 11 14 16 18 19 21 22 | 22.0
Fighting       | 4 5 6 13 15 18 22 26 27 | 27.0
Shields        | 4 5 6 10 11 15 18 19 20 | 20.9
Invocations    | 6 10 15 17 18 19 | 19.7
Throwing       | 2 7 |  7.0
Evocations     | 6 8 9 13 | 13.0

Action                     |  1- 3 |  4- 6 |  7- 9 | 10-12 | 13-15 | 16-18 | 19-21 | 22-24 | 25-27 || total
---------------------------+-------+-------+-------+-------+-------+-------+-------+-------+-------++-------
  Melee: War axe           |    71 |   106 |   169 |   457 |  1157 |       |       |       |       ||  1960
         Headbutt          |    15 |    11 |    45 |   110 |   315 |   343 |   490 |   468 |   137 ||  1934
         Flail             |       |       |       |       |    39 |    33 |       |       |       ||    72
         Broad axe         |       |       |       |       |   118 |  1113 |  1341 |  1573 |   426 ||  4571
  Throw: Javelin           |       |       |       |       |       |       |       |     5 |       ||     5
 Invoke: Heroism           |       |       |     2 |     7 |    10 |     9 |    13 |     8 |     2 ||    51
         Finesse           |       |       |       |     2 |     2 |     5 |     2 |     3 |     2 ||    16
         Duel              |       |       |       |       |     1 |       |       |       |       ||     1
    Use: Scroll            |       |    13 |    11 |     3 |     6 |     8 |     9 |     5 |     1 ||    56
         Potion            |       |       |       |       |     1 |     4 |     2 |     4 |       ||    11
   Stab: Distracted        |       |       |       |       |       |     1 |     1 |       |       ||     2
 Armour: Scale mail        |    46 |    27 |       |       |       |       |       |       |       ||    73
         Chain mail        |       |    50 |    56 |    19 |       |       |       |       |       ||   125
         Plate armour      |       |       |    89 |   360 |  1007 |   894 |   890 |   797 |   256 ||  4293
  Dodge: Dodged            |    40 |    50 |    56 |   170 |   407 |   369 |   404 |   500 |   137 ||  2133
  Block: Buckler           |    10 |    21 |    44 |    97 |    72 |       |       |       |       ||   244
         Kite shield       |       |       |       |       |   663 |   873 |   724 |       |       ||  2260
         Tower shield      |       |       |       |       |       |       |   260 |  1574 |   376 ||  2210

Table legend: (Time is in decaauts)
 A = Elapsed time spent in this place.
 B = Non-inter-level travel time spent in this place.
 C = Inter-level travel time spent in this place.
 D = Time resting spent in this place.
 E = Time spent auto-exploring this place.
 F = Levels seen in this place.
 G = Mean time per level.
                   A        B        C        D        E       F      G
               +--------+--------+--------+--------+--------+-----+--------+
         Total |  49315 |  44285 |   5030 |   2738 |  29709 |  56 |  880.6 |
       Dungeon |  13532 |  11499 |   2033 |    161 |   8853 |  15 |  902.1 |
          Lair |   4838 |   4314 |    524 |    215 |   3174 |   5 |  967.6 |
         Swamp |   2872 |   2642 |    230 |    169 |   1734 |   4 |  718.0 |
   Spider Nest |   3864 |   3616 |    248 |      0 |   2966 |   4 |  966.0 |
    Slime Pits |   1125 |   1111 |     14 |    127 |    491 |   5 |  225.0 |
  Orcish Mines |   1152 |   1010 |    142 |     75 |    637 |   2 |  576.0 |
   Elven Halls |   3508 |   3021 |    487 |    431 |   1377 |   3 | 1169.3 |
        Vaults |   7289 |   6573 |    716 |    261 |   4453 |   5 | 1457.8 |
        Depths |   5514 |   4944 |    570 |    813 |   2557 |   4 | 1378.5 |
           Zot |   4902 |   4840 |     62 |    394 |   3317 |   5 |  980.4 |
         Trove |     44 |     44 |      0 |      0 |      0 |   1 |   44.0 |
        Wizlab |    165 |    165 |      0 |     30 |      0 |   1 |  165.0 |
      Gauntlet |    488 |    488 |      0 |     62 |    148 |   1 |  488.0 |
         Arena |     15 |     15 |      0 |      0 |      0 |   1 |   15.0 |
               +--------+--------+--------+--------+--------+-----+--------+

Top non-repeatable levels by time:
Depths:2: 2024 daAuts
Depths:4: 1829 daAuts
Vaults:1: 1577 daAuts
Vaults:3: 1544 daAuts
Vaults:5: 1510 daAuts
Vaults:4: 1481 daAuts
   Elf:3: 1368 daAuts
  Lair:2: 1364 daAuts
Spider:4: 1337 daAuts
   Elf:1: 1234 daAuts
     D:6: 1211 daAuts
Vaults:2: 1175 daAuts
    D:15: 1172 daAuts
    D:12: 1167 daAuts
   Zot:1: 1164 daAuts
